Map: Bel'Shir Vestige LE (Void)

Players

MicroJackson

  • Race: Zerg Zerg
  • League: Master
  • Spawn Location: 5:00

A.I. 1 (Very Easy) - Winner!

  • Race: Zerg Zerg
  • Spawn Location: 11:00

VOD

Have the link to the VOD?

Description

Time

  • Played on: March 17, 2017, 12:59 a.m.
  • Length: 7:05
Show
View Real Time Build Order
Export as new Build Order

MicroJackson Zerg 

Build Orders: Hatch First 

Get SALT Encoding   

  12  0:01  Drone  
  13  0:14  Overlord  
  13  0:19  Drone  
  14  0:32  Drone x2  
  16  0:37  Drone  
  17  0:52  Hatchery  
  17  0:56  Drone  
  17  1:01  Drone  
  18  1:09  Extractor  
  17  1:13  Drone  
  18  1:19  Spawning Pool  
  18  1:22  Drone  
  18  1:30  Drone  
  19  1:40  Overlord  
  19  1:53  Drone  
  20  2:06  Queen x2  
  20  2:07  Zergling x2  
  20  2:08  Zergling x2  
  26  2:11  Metabolic Boost  
  26  2:13  Drone  
  27  2:18  Drone  
  28  2:24  Drone  
  28  2:27  Overlord  
  29  2:36  Drone  
  30  2:38  Drone  
  30  2:43  Queen  
  33  2:49  Drone x2  
  35  3:03  Drone x2  
  37  3:14  Drone x5  
  37  3:15  Drone x2  
  37  3:17  Overlord  
  37  3:19  Lair  
  44  3:27  Evolution Chamber  
  44  3:32  Roach Warren  
  44  3:33  Drone  
  44  3:34  Drone  
  44  3:36  Drone, Extractor  
  44  3:39  Extractor  
  43  3:41  Extractor  
  43  3:42  Drone  
  43  3:43  Drone  
  43  3:48  Drone x3  
  46  3:49  Drone  
  46  3:55  Drone x2  
  50  3:58  Zerg Missile Weapons Level 1  
  50  4:00  Drone  
  50  4:01  Drone  
  52  4:14  Overlord  
  52  4:18  Glial Reconstitution  
  52  4:26  Overlord  
  52  4:27  Overlord  
  52  4:37  Roach x2  
  52  4:38  Roach x2  
  60  4:44  Overlord  
  60  4:46  Roach x4  
  60  4:51  Roach x3  
  74  4:53  Roach  
  74  4:57  Overlord  
  76  5:01  Overlord  
  76  5:04  Roach x3  
  82  5:09  Ravager x2  
  82  5:11  Overlord  
  84  5:16  Overlord  
  88  5:21  Roach x3  
  88  5:24  Roach  
  88  5:28  Roach  
  94  5:32  Roach x3  
  100  5:40  Roach x2  
  104  5:51  Roach x2  
  104  5:56  Roach x3  
  114  5:59  Overlord  
  114  6:05  Roach  
  114  6:06  Overlord  
  114  6:10  Overlord  
  116  6:15  Overlord  
  116  6:17  Overlord  
  116  6:20  Roach  
  116  6:24  Roach  
  122  6:25  Roach  
  122  6:31  Roach x3  
  122  6:32  Roach x2  
  132  6:40  Roach x3  
Show
View Real Time Build Order
Export as new Build Order

A.I. 1 (Very Easy) Zerg - Winner!

Build Orders: Pool Only 

Get SALT Encoding   

  12  0:01  Drone  
  13  0:12  Overlord  
  13  0:17  Drone  
  14  0:35  Spawning Pool  
  13  0:37  Drone  
  13  0:41  Extractor  
  13  0:44  Drone  
  14  0:51  Overlord  
  14  1:21  Queen  
  14  1:22  Zergling x2  
  17  1:28  Roach Warren  
  17  1:32  Drone  
  17  1:35  Extractor  
  17  1:39  Drone  
  17  1:42  Zergling x2  
  18  1:54  Drone  
  18  2:01  Zergling x2  
  20  2:05  Drone  
  21  2:16  Drone  
  22  2:27  Drone  
  22  2:28  Overlord  
  23  2:34  Drone  
  24  2:41  Drone  
  25  4:16  Zergling x2  
  25  5:53  Drone  
  25  5:54  Lair  
  25  5:55  Zergling x2  
  25  6:00  Drone  
  24  6:07  Drone  
  25  6:13  Overlord  
  25  6:15  Drone  
  26  6:19  Zergling x2  
  26  6:22  Drone  
  28  6:29  Drone  
  29  6:44  Drone  
  29  6:45  Zergling x2  
  30  6:52  Overseer  
  30  6:53  Overseer  
Tags
 
Add a new tag
Caveats
  • Supply blocks, unpowered buildings, or Contaminate may cause inaccurate times.
  • Supply counts are checked every 10 seconds.